 Dungeon Crawl Stone Soup version 0.32-a0-132-g2d33c3cfaf (webtiles) character file.

Game seed: 15114258814243821785

21772 pokeman the Eclecticist (level 12, -1/66 HPs)
             Began as a Deep Elf Hedge Wizard on Feb 9, 2024.
             Slain by a skeletal warrior
             ... wielding a +0 scimitar
              (13 damage)
             ... on level 15 of the Dungeon on Feb 10, 2024.
             The game lasted 00:38:55 (15625 turns).

pokeman the Eclecticist (Deep Elf Hedge Wizard)    Turns: 15625, Time: 00:38:57

Health: -1/66      AC: 12    Str:  7    XL:     12   Next: 57%
Magic:  30/35      EV: 28    Int: 25    God:
Gold:   972        SH:  0    Dex: 14    Spells: 18/46 levels left

rFire   . . .        t - +4 quarterstaff (chaos)
rCold   . . .        (shield currently unavailable)
rNeg    . . .        J - +0 steam dragon scales
rPois   .            w - +0 helmet
rElec   .            u - +2 cloak {Stlth+}
rCorr   +            I - +0 pair of gloves
SInv    +            m - +0 pair of boots
Will    +....        e - amulet of the acrobat
Stlth   +++          U - ring of resist corrosion
HPRegen 0.31/turn    f - ring of see invisible
MPRegen 0.24/turn

%: acrobat
@: acrobatic
A: no striking features
a: no special abilities


You were on level 15 of the Dungeon.
You visited 1 branch of the dungeon, and saw 13 of its levels.

You collected 972 gold pieces.

Inventory:

Hand Weapons
 t - a +4 quarterstaff of chaos (weapon)
Missiles
 G - a curare-tipped dart
Armour
 m - a +0 pair of boots (worn)
 u - a +2 cloak of stealth (worn)
 w - a +0 helmet (worn)
 E - a scarf of harm
 I - a +0 pair of gloves (worn)
 J - +0 steam dragon scales (worn)
 S - +0 acid dragon scales
Magical Staves
 K - a staff of cold
 Q - a staff of alchemy
 V - a staff of death
Jewellery
 c - a +6 ring of strength
 e - an amulet of the acrobat (around neck)
 f - a ring of see invisible (right hand)
 h - an amulet of faith
 U - a ring of resist corrosion (left hand)
Wands
 b - a wand of charming (8)
 p - a wand of flame (65)
 H - a wand of iceblast (9)
 R - a wand of mindburst (10)
Scrolls
 a - 2 scrolls of fear {unknown}
 i - a scroll of acquirement {unknown}
 j - 2 scrolls of immolation {unknown}
 k - 8 scrolls of identify {unknown}
 l - 2 scrolls of noise {unknown}
 o - a scroll of revelation {unknown}
 v - 2 scrolls of blinking {unknown}
 x - 3 scrolls of enchant weapon {unknown}
 y - a scroll of butterflies {unknown}
 C - 2 scrolls of brand weapon {unknown}
 D - 4 scrolls of amnesia {unknown}
 M - 3 scrolls of silence {unknown}
 N - 2 scrolls of poison {unknown}
 O - 5 scrolls of vulnerability {unknown}
 T - a scroll of teleportation {unknown}
 Y - a scroll of enchant armour {unknown}
 Z - a scroll of torment {unknown}
Potions
 d - a potion of magic
 g - 3 potions of lignification {unknown}
 n - 11 potions of curing {unknown}
 q - a potion of resistance {unknown}
 r - a potion of brilliance {unknown}
 s - 2 potions of heal wounds {unknown}
 z - 3 potions of mutation {unknown}
 A - 4 potions of enlightenment {unknown}
 B - a potion of ambrosia {unknown}
 F - 2 potions of degeneration {unknown}
 L - a potion of berserk rage {unknown}
 P - 2 potions of might {unknown}
Miscellaneous
 W - a condenser vane
 X - a box of beasts


   Skills:
 - Level 4.0 Fighting
 - Level 4.0 Armour
 - Level 3.0 Dodging
 - Level 3.0 Stealth
 + Level 4.4 Shields
 * Level 17.7 Spellcasting
 + Level 10.1 Conjurations
 - Level 1.1 Summonings
 + Level 1.0 Necromancy
 - Level 1.1 Translocations
 + Level 0.9 Fire Magic
 + Level 9.6 Ice Magic
 - Level 1.0 Air Magic
 - Level 4.0 Earth Magic
 - Level 1.0 Alchemy
 - Level 1.0 Evocations


You had 18 spell levels left.
You knew the following spells:

 Your Spells              Type           Power      Damage    Failure   Level
a - Magic Dart            Conj           100%       1d8       1%          1
b - Mephitic Cloud        Conj/Alch/Air  42%        N/A       1%          3
c - Call Imp              Summ           54%        N/A       2%          2
d - Blink                 Tloc           54%        N/A       2%          2
e - Freezing Cloud        Conj/Ice/Air   27%        6-21      3%          5
f - Stone Arrow           Conj/Erth      100%       3d13      1%          3
g - Bombard               Conj/Erth      27%        9d5       19%         6
h - Starburst             Conj/Fire      24%        6d8       34%         6

Your spell library contained the following spells:

 Spells                   Type           Power      Damage    Failure   Level
 Apportation              Tloc           54%        N/A       1%          1
 Kiss of Death            Conj/Necr      100%       2d13      1%          1
 Necrotise                Necr           100%       1d9       1%          1
 Sandblast                Erth           84%        2d18      1%          1
 Shock                    Conj/Air       100%       1d9       1%          1
 Sting                    Conj/Alch      100%       1d9       1%          1
 Passwall                 Erth           42%        N/A       1%          3
 Summon Ice Beast         Ice/Summ       49%        N/A       1%          3
 Brom's Barrelling Bould  Conj/Erth      55%        2d7       1%          4
 Slow                     Hex            88%        N/A       2%          1
 Cigotuvi's Dreadful Rot  Necr/Alch/Air  54%        N/A       2%          2
 Mercury Vapours          Alch/Air       54%        N/A       2%          2
 Jinxbite                 Hex            44%        N/A       3%          2
 Airstrike                Air            13%        2d(2-18)  14%         4
 Borgnjor's Vile Clutch   Necr/Erth      17%        N/A       22%         5
 Alistair's Intoxication  Alch           18%        N/A       36%         5
 Lehudib's Crystal Spear  Conj/Erth      27%        10d7      100%        8
 Fire Storm               Conj/Fire      24%        8d6       100%        9


Dungeon Overview and Level Annotations

Branches:
Dungeon (15/15)            Temple (0/1) D:6            Lair (0/5) D:11
    Orc (0/2) D:12
 Vaults: D:13-14     Depths: D:15

Altars:
Ashenzari
Elyvilon
Fedhas
Gozag
Hepliaklqana
Kikubaaqudgha
Makhleb
Nemelex Xobeh
Okawaru
Qazlal
Ru
Sif Muna
Trog
Uskayaw
Wu Jian
Xom
Yredelemnul
Zin

Shops:
D:7 :   D:11 =   D:15 :


Message History

The laughing skull closely misses you.
Unknown command.
You hit the laughing skull.
The laughing skull is almost destroyed.
The laughing skull is engulfed in freezing vapours.
You destroy the laughing skull!
The skeletal warrior hits you from afar with a +0 glaive!
Your Necromancy skill increases to level 1!
Unknown command.
The skeletal warrior is engulfed in freezing vapours.
The skeletal warrior is engulfed in freezing vapours.
The skeletal warrior attacks as it pursues you!
The skeletal warrior misses you.
The skeletal warrior is engulfed in freezing vapours.
The skeletal warrior attacks as it pursues you!
The skeletal warrior misses you.
The skeletal warrior is engulfed in freezing vapours.
You open the door. The skeletal warrior barely misses you.
The skeletal warrior attacks as it pursues you!
The skeletal warrior misses you.
There is an open door here.
Casting: Freezing Cloud (dangerous; 3% risk of failure)
Confirm with . or Enter, or press ? or * to list all spells.
You blink.
The skeletal warrior completely misses you.
The skeletal warrior hits you with a +0 scimitar.
The skeletal warrior attacks as it pursues you!
The skeletal warrior misses you.
The skeletal warrior is engulfed in freezing vapours.
The skeletal warrior attacks as it pursues you!
The skeletal warrior hits you with a +0 scimitar!
* * * LOW HITPOINT WARNING * * *
You feel ready to blink again. The skeletal warrior barely misses you.
The laughing skull gibbers with scorn.
The bolt of negative energy hits the skeletal warrior.
The skeletal warrior completely resists.
The bolt of negative energy misses you.
The skeletal warrior hits you with a +0 scimitar!
You die...

# ....... . #. .......
..+.###################..
.≈≈.≈≈................#..
≈≈≈.≈≈≈...............#..
≈≈⌠.⌠≈≈...?...........#
...∩.....zz.z.........#
≈≈⌠.⌠≈≈.####..........##○
≈≈≈.≈≈≈#@..#...........#.
.≈≈.≈≈.#.z.#####.........
.......#.zz....#.......#.
......z#.......#.......#
.......###.....#.......#
.........#z..$.#.......#
.........#.....#.......#
.......#.....#.......#
.......#.....#.......#


You could see 3 skeletal warriors and a laughing skull.

Vanquished Creatures
  A centaur warrior (D:8)
  A two-headed ogre (D:11)
  A tengu warrior (D:12)
  Nergalle (D:12)
  A deep elf knight (D:12)
  2 skeletal warriors
  An oklob plant (D:9)
  An orc knight (D:12)
  The ghost of zeratav the Changeling, a novice OpSh of Gozag (D:5)
  An ugly thing (D:8)
  2 manticores
  4 cyclopes
  An unseen horror (D:12)
  A gargoyle (D:11)
  Jeremiah (D:7)
  The ghost of Gryn the Chopper, an amateur HOBe of Trog (D:4)
  4 slime creatures (D:12)
  Sigmund (D:3)
  3 shadows
  2 wraiths (D:11)
  A human (shapeshifter) (D:12)
  4 wyverns
  A vampire (D:12)
  11 yaks
  Grum (D:9)
  2 steam dragons
  A warg (D:11)
  3 vampire mosquitoes (D:11)
  2 acid dragons
  3 water moccasins
  Duvessa (D:6)
  An ice beast (D:7)
  3 orc warriors
  A black bear (D:5)
  4 wolves
  5 laughing skulls
  11 centaurs
  An ogre (D:5)
  3 kobold brigands
  4 bullfrogs
  2 gnoll sergeants (D:10)
  9 scorpions
  35 wights
  Dowan (D:6)
  20 killer bees
  9 jellies
  2 howler monkeys
  2 bombardier beetles
  2 hounds
  Crazy Yiuf (D:3)
  5 orc priests
  4 iguanas
  11 orc wizards
  Robin (D:4)
  3 gnolls (D:10)
  6 adders
  2 white imps
  2 ufetubi (D:6)
  2 ribbon worms (D:3)
  3 dart slugs
  18 orcs
  12 ball pythons
  14 endoplasms
  6 giant cockroaches
  10 goblins (D:4)
  9 hobgoblins
  2 jackals (D:4)
  6 quokkas
  6 frilled lizards
  19 kobolds
  7 rats
325 creatures vanquished.

Vanquished Creatures (collateral kills)
  A yak (D:6)
  A wight (D:6)
  An orc (D:6)
  A giant cockroach (D:10)
4 creatures vanquished.

Grand Total: 329 creatures vanquished

Notes
Turn   | Place    | Note
-------+----------+-------------------------------------------
     0 | D:1      | pokeman the Deep Elf Hedge Wizard began the quest for the
                  | Orb.
     0 | D:1      | Reached XP level 1. HP: 10/10 MP: 7/7
   359 | D:1      | Reached XP level 2. HP: 15/15 MP: 7/9
   991 | D:1      | Reached skill level 5 in Spellcasting
  1208 | D:2      | Reached XP level 3. HP: 20/20 MP: 11/11
  1214 | D:1      | Learned a level 3 spell: Mephitic Cloud
  1217 | D:1      | Learned a level 2 spell: Call Imp
  1220 | D:1      | Learned a level 2 spell: Blink
  1245 | D:2      | Found a faded altar of an unknown god.
  1257 | D:2      | Got the Octavo of Reshaped Misery
  1865 | D:2      | Reached skill level 1 in Fighting
  2171 | D:3      | Noticed Sigmund
  2191 | D:3      | HP: 1/20 [ribbon worm (6)]
  2193 | D:3      | Reached skill level 1 in Armour
  2367 | D:3      | Killed Sigmund
  2368 | D:3      | Reached skill level 7 in Spellcasting
  2368 | D:3      | Reached XP level 4. HP: 9/25 MP: 8/15
  2368 | D:3      | Reached XP level 5. HP: 10/29 MP: 9/17
  2709 | D:3      | Reached skill level 8 in Spellcasting
  2854 | D:3      | Reached XP level 6. HP: 34/34 MP: 11/19
  3069 | D:3      | Found a runed translucent door.
  3070 | D:3      | Noticed Crazy Yiuf
  3131 | D:3      | Found a burning altar of Makhleb.
  3402 | D:3      | Learned a level 5 spell: Freezing Cloud
  3423 | D:3      | Killed Crazy Yiuf
  3706 | D:3      | Found an ancient bone altar of Kikubaaqudgha.
  3706 | D:3      | Found a bloodstained altar of Trog.
  3706 | D:3      | Found a glowing silver altar of Zin.
  3706 | D:3      | Found an iron altar of Okawaru.
  3706 | D:3      | Found a shimmering altar of Xom.
  3706 | D:3      | Found an ornate altar of the Wu Jian Council.
  4090 | D:4      | Found a stormy altar of Qazlal.
  4091 | D:4      | Noticed a fire elemental
  4093 | D:4      | Noticed a water elemental
  4093 | D:4      | Noticed an air elemental
  4130 | D:4      | Noticed Robin
  4151 | D:4      | Reached skill level 1 in Evocations
  4159 | D:4      | Reached skill level 1 in Ice Magic
  4159 | D:4      | Reached skill level 1 in Air Magic
  4159 | D:4      | Reached skill level 1 in Alchemy
  4159 | D:4      | Reached XP level 7. HP: 28/38 MP: 13/21
  4196 | D:4      | Killed Robin
  4467 | D:4      | Found a basalt altar of Yredelemnul.
  4563 | D:4      | Reached skill level 9 in Spellcasting
  4752 | D:4      | Found a runed translucent door.
  4755 | D:4      | Noticed Gryn's ghost (amateur HOBe)
  5075 | D:5      | Entered Level 5 of the Dungeon
  5332 | D:5      | Found a runed translucent gate.
  5332 | D:5      | Found a runed translucent gate.
  5333 | D:5      | Found a runed translucent gate.
  5333 | D:5      | Noticed zeratav's ghost (novice OpSh)
  5380 | D:5      | Reached XP level 8. HP: 43/44 MP: 18/23
  5528 | D:5      | Reached skill level 10 in Spellcasting
  5652 | D:5      | Found a shimmering altar of Xom.
  5661 | D:5      | Found an opulent altar of Gozag.
  5663 | D:5      | Found a hide-covered altar of Uskayaw.
  5663 | D:5      | Found a broken altar of Ashenzari.
  5665 | D:5      | Found a bloodstained altar of Trog.
  5667 | D:5      | Found a white marble altar of Elyvilon.
  5668 | D:5      | Found a sparkling altar of Nemelex Xobeh.
  6086 | D:6      | Reached skill level 11 in Spellcasting
  6087 | D:6      | Reached skill level 5 in Conjurations
  6248 | D:6      | Reached XP level 9. HP: 48/48 MP: 23/26
  6443 | D:6      | Reached skill level 12 in Spellcasting
  6443 | D:6      | Reached skill level 5 in Ice Magic
  6489 | D:6      | Reached skill level 1 in Shields
  6582 | D:6      | Found a staircase to the Ecumenical Temple.
  6626 | D:6      | Noticed Duvessa
  6629 | D:6      | Noticed Dowan
  6664 | D:6      | Killed Duvessa
  6665 | D:6      | Killed Dowan
  7603 | D:7      | Noticed Jeremiah
  7622 | D:7      | Killed Jeremiah
  7634 | D:7      | Reached skill level 13 in Spellcasting
  7892 | D:7      | Found Adergheva's Book Shop.
  8215 | D:7      | Reached XP level 10. HP: 16/53 MP: 22/29
  9518 | D:8      | Found a hazy altar of Hepliaklqana.
  9673 | D:8      | Noticed a green ugly thing
  9689 | D:8      | Killed a green ugly thing
  9690 | D:8      | Reached skill level 14 in Spellcasting
  9707 | D:8      | Noticed a centaur warrior
  9729 | D:8      | Killed a centaur warrior
 10092 | D:8      | Found a sacrificial altar of Ru.
 10326 | D:9      | Noticed a manticore
 10335 | D:9      | Killed a manticore
 10494 | D:9      | Learned a level 3 spell: Stone Arrow
 10651 | D:9      | Found a blossoming altar of Fedhas.
 10673 | D:9      | Noticed an oklob plant
 10682 | D:9      | Killed an oklob plant
 10736 | D:9      | Reached skill level 1 in Earth Magic
 10736 | D:9      | Reached XP level 11. HP: 49/60 MP: 21/31
 10740 | D:9      | Reached skill level 15 in Spellcasting
 10944 | D:9      | Noticed Grum
 10947 | D:9      | Killed Grum
 11685 | D:10     | Entered Level 10 of the Dungeon
 11766 | D:10     | Found a shimmering blue altar of Sif Muna.
 12322 | D:10     | Found a runed translucent door.
 12324 | D:10     | Found a runed translucent door.
 12915 | D:11     | Reached skill level 16 in Spellcasting
 13260 | D:11     | Found a staircase to the Lair.
 13547 | D:11     | Found Vidwaan's Jewellery Shop.
 13601 | D:11     | Noticed a two-headed ogre
 13609 | D:11     | Killed a two-headed ogre
 13919 | D:4      | Killed Gryn's ghost
 14025 | D:5      | Killed zeratav's ghost
 14026 | D:5      | Reached XP level 12. HP: 60/66 MP: 16/34
 14324 | D:12     | Found a staircase to the Orcish Mines.
 14421 | D:12     | Noticed Nergalle
 14439 | D:12     | Killed Nergalle
 14440 | D:12     | Reached skill level 17 in Spellcasting
 14480 | D:12     | Noticed a tengu warrior
 14487 | D:12     | Killed a tengu warrior
 14611 | D:12     | Noticed an entropy weaver
 14631 | D:12     | an entropy weaver changed into a raiju
 14829 | D:12     | Got the Volume of the Telluric Congregation
 14853 | D:12     | Reached skill level 10 in Conjurations
 15144 | D:12     | Got the Compendium of the Bonfire and the Wind
 15152 | D:12     | Learned a level 6 spell: Bombard
 15159 | D:12     | Learned a level 6 spell: Starburst
 15211 | D:12     | Found a sparkling altar of Nemelex Xobeh.
 15369 | D:12     | You fall into a shaft and drop 3 floors!
 15369 | D:15     | Entered Level 15 of the Dungeon
 15589 | D:15     | Found an ancient bone altar of Kikubaaqudgha.
 15602 | D:15     | Found Rifir's Self-Improvement Boutique.
 15612 | D:15     | Reached skill level 1 in Necromancy
 15625 | D:15     | Slain by a skeletal warrior

Illustrated notes

Levels and vault maps discovered:
D:1:      wander_arrival_chamber, layout_loops_ring,
          corexii_item_surrounded_by_moat, chequers_serial_rivers_micro_c,
          palyth_stone_intersect
D:2:      layout_loops_ring, ebering_ecumenical_altar_petrified, minmay_domino_4
D:3:      cheibrodos_fertilizer, layout_basic, mainiacjoe_overflow_alcove_4,
          uniq_sigmund, uniq_crazy_yiuf_cottage
D:4:      cheibrodos_quashed, layout_loops_ring,
          nicolae_qazlal_style_of_elements, mainiacjoe_overflow_small_starburst,
          ebering_ghost_reflecting_pool, hangedman_decor_lopped, uniq_robin
D:5:      layout_rooms, minitemple, ebering_ghost_rock_garden, nrook_mini_vaults
D:6:      layout_basic, minmay_temple_entry_hall,
          eino_small_chamber_without_monster, uniq_duvessa
D:7:      layout_loops_ring, serial_shops, kennysheep_little_box, uniq_jeremiah
D:8:      layout_basic, mainiacjoe_overflow_swirl, nicolae_sextant,
          minmay_small_thing
D:9:      layout_roguey, tgw_fedhas, minivault_23, uniq_grum
D:10:     lemuel_insect_pit, layout_loops_ring, overflow_temple_1_default,
          minmay_fractal_squares_5
D:11:     layout_roguey, erik_lair_orcish_takeover, serial_shops,
          nicolae_shop_hallway_plus
D:12:     minmay_cut_squares, layout_loops_ring, nemelex_diamond_rough_becter,
          uniq_nergalle
D:15:     gammafunk_depths_entry_grave, layout_irregular_city,
          nicolae_kikubaaqudgha_miasma_corner, roderic_roman_lattice,
          nicolae_shop_self_help

Skill      XL: |  1  2  3  4  5  6  7  8  9 10 11 12 |
---------------+-------------------------------------+-----
Spellcasting   | 5 7 8 9 11 13 14 16 17 | 17.7
Fighting       | 1 2 3 4 |  4.0
Armour         | 1 2 3 4 |  4.0
Conjurations   | 2 3 5 6 8 9 10 | 10.1
Dodging        | 3 |  3.0
Stealth        | 3 |  3.0
Evocations     | 1 |  1.0
Ice Magic      | 1 2 4 6 7 8 9 |  9.6
Air Magic      | 1 |  1.0
Alchemy        | 1 |  1.0
Shields        | 2 3 4 |  4.4
Earth Magic    | 1 4 |  4.0
Necromancy     | 1 |  1.0
Summonings     | |  1.1
Translocations | |  1.1
Fire Magic     | |  0.9

Action                     |  1- 3 |  4- 6 |  7- 9 | 10-12 || total
---------------------------+-------+-------+-------+-------++-------
  Melee: Dagger            |    25 |    10 |       |       ||    35
         Punch             |     1 |       |       |       ||     1
         Quarterstaff      |       |    15 |   123 |    98 ||   236
   Cast: Magic Dart        |   105 |    93 |   186 |    79 ||   463
         Mephitic Cloud    |     4 |     8 |    25 |    17 ||    54
         Call Imp          |     1 |     2 |    10 |     3 ||    16
         Blink             |       |       |     3 |     2 ||     5
         Freezing Cloud    |       |       |     5 |    75 ||    80
         Stone Arrow       |       |       |       |    59 ||    59
  Evoke: Wand              |       |       |       |     3 ||     3
   Stab: Sleeping          |     1 |       |       |       ||     1
         Confused          |     3 |     3 |    11 |     7 ||    24
         Paralysed         |       |       |     1 |       ||     1
         Petrifying        |       |       |       |     1 ||     1
 Armour: Robe              |    19 |    21 |    70 |       ||   110
         Steam dragon scal |       |       |    11 |   103 ||   114
  Dodge: Dodged            |    19 |    37 |   114 |   135 ||   305

Table legend: (Time is in decaauts)
 A = Elapsed time spent in this place.
 B = Non-inter-level travel time spent in this place.
 C = Inter-level travel time spent in this place.
 D = Time resting spent in this place.
 E = Time spent auto-exploring this place.
 F = Levels seen in this place.
 G = Mean time per level.
                   A        B        C        D        E       F      G
               +--------+--------+--------+--------+--------+-----+--------+
         Total |  15699 |  14782 |    917 |   1174 |  11155 |  13 | 1207.6 |
       Dungeon |  15699 |  14782 |    917 |   1174 |  11155 |  13 | 1207.6 |
               +--------+--------+--------+--------+--------+-----+--------+

Top non-repeatable levels by time:
     D:8: 1947 daAuts
     D:3: 1851 daAuts
     D:6: 1476 daAuts
     D:9: 1424 daAuts
     D:4: 1416 daAuts
     D:7: 1350 daAuts
     D:1: 1218 daAuts
    D:10: 1201 daAuts
    D:12: 1066 daAuts
    D:11: 968 daAuts
     D:2: 784 daAuts
     D:5: 737 daAuts
    D:15: 256 daAuts
